 Dungeon Crawl Stone Soup version 0.31.0-32-g396128a36d (webtiles) character file.

Game seed: 10890925890972676061

52 tizbic2 the Ruffian (level 3, -1/17 HPs)
             Began as an Armataur Shapeshifter on Mar 25, 2024.
             Slain by an adder (4 damage)
             ... on level 2 of the Dungeon.
             The game lasted 00:03:57 (1185 turns).

tizbic2 the Ruffian (Armataur Shapeshifter)         Turns: 1185, Time: 00:03:58

Health: -1/17      AC:  4    Str: 21    XL:     3   Next: 60%
Magic:  3/3        EV: 13    Int: 10    God:
Gold:   158        SH:  0    Dex:  9    Spells: 2/2 levels left

rFire   . .          .
                       - Unarmed
rCold   . . .        (shield currently unavailable)
rNeg    . . .        f - melded +0 ring mail
rPois   .            (no helmet)
rElec   .            (no cloak)
rCorr   .            h - +0 pair of gloves
SInv    .            (no barding)
Will    .....        (no amulet)
Stlth   +            (no ring)
HPRegen 0.22/turn    (no ring)
MPRegen 0.08/turn

%: roll
@: lethally poisoned (-1 -> -3), flux-form, glowing
A: glow, contaminating, reduced hp, large, deformed body, tough skin 3, armoured
tail, roll 1
a: Begin Untransformation


You were on level 2 of the Dungeon.
You were something dangerously unstable.
You visited 1 branch of the dungeon, and saw 2 of its levels.

You collected 158 gold pieces.

Inventory:

Missiles
 l - 2 poisoned darts (quivered)
Armour
 a - a +0 animal skin
 f - a +0 ring mail (melded)
 h - a +0 pair of gloves (worn)
 n - an orb of light
Jewellery
 j - an amulet of faith
Talismans
 c - a beast talisman
 d - a flux talisman (active)
Scrolls
 e - 3 scrolls of teleportation {unknown}
 g - a scroll of silence {unknown}
 m - 2 scrolls of enchant weapon {unknown}
 o - a scroll of acquirement {unknown}
 p - a scroll of fear {unknown}
Potions
 b - 3 potions of lignification
 i - a potion of mutation {unknown}
 k - a potion of brilliance {unknown}
 q - a potion of enlightenment {unknown}


   Skills:
 + Level 1.5 Fighting
 - Level 1.4 Dodging
 * Level 3.3 Unarmed Combat
 * Level 3.2 Shapeshifting


You had 2 spell levels left.
You didn't know any spells.
Your spell library contained the following spells:

 Spells                   Type           Power      Damage    Failure   Level
 Cigotuvi's Dreadful Rot  Necr/Alch/Air  0%         N/A       50%         2
 Ignite Poison            Fire/Alch      0%         N/A       98%         4
 Freezing Cloud           Conj/Ice/Air   0%         6-21      100%        5


Dungeon Overview and Level Annotations

Branches:
Dungeon (2/15)

Altars:


Innate Abilities, Weirdness & Mutations

You are something dangerously unstable.
You glow with magical radiation, making you easy to see and hit.
Foes you strike become dangerously contaminated with magical radiation.
Your maximum health is decreased, since you lack skill for your form.
You are incapable of wielding weapons or throwing items.
Armour fits poorly on your strangely shaped body.
You have extremely tough skin. (AC +3)
You have a long armoured tail.
You regenerate magic when rolling toward enemies. (Rampage MPRegen)


Message History

You are no longer poisoned.
You now have 158 gold pieces (gained 10).
A ball python comes into view.
The ball python hisses angrily.
You roll towards the ball python!
You roll towards the ball python!
You barely miss the ball python. The ball python closely misses you.
You hit the ball python.
The ball python begins to glow.
You tail-slap the ball python.
You kill the ball python!
No target in view!
An adder comes into view.
The adder hisses angrily.
The adder closely misses you.
You closely miss the adder.
Your tail-slap misses the adder.
The adder bites you but does no damage.
You barely miss the adder.
You tail-slap the adder, but do no damage.
The adder bites you.
You are poisoned.
The adder poisons you!
You closely miss the adder.
Your tail-slap misses the adder.
You feel sick. The adder bites you. The adder barely misses you.
You hit the adder.
The adder begins to glow.
Your tail-slap misses the adder.
The adder is moderately wounded.
You feel sick. The adder bites you.
You are too injured to fight recklessly!
You are too injured to fight recklessly!
You closely miss the adder.
Your tail-slap misses the adder.
The adder is moderately wounded.
You feel sick. The adder bites you.
* * * LOW HITPOINT WARNING * * *
You hit the adder.
The adder glows dangerously bright.
You tail-slap the adder, but do no damage.
The adder is severely wounded.
You feel sick. The adder closely misses you.
You closely miss the adder.
The adder is severely wounded.
You feel sick. The adder bites you but does no damage. The adder bites you.
You die... ...## ##..## #...P P♣≈≈~~ ###..## ###.
PP ~♣≈♣~ # ##..# ~PP~.~ ≈~~P # ##.## ~~~♣~♣~~P # #..# ♣P~PP~P

##.## ~~PP. #..#
#S.#
##.########p#
#..........#
#....#######
#...<# #....#
#######....#
...........#
.######..(.#####
.# ###......#


You could see an adder (heavy contam).

Vanquished Creatures
  2 adders (D:2)
  A dart slug (D:2)
  5 ball pythons
  5 bats
  4 endoplasms
  A giant cockroach (D:1)
  2 goblins (D:2)
  A hobgoblin (D:2)
  6 frilled lizards
  5 rats
32 creatures vanquished.

Notes
Turn   | Place    | Note
-------+----------+-------------------------------------------
     0 | D:1      | tizbic2 the Armataur Shapeshifter began the quest for the
                  | Orb.
     0 | D:1      | Reached XP level 1. HP: 15/15 MP: 1/1
    17 | D:1      | Reached skill level 1 in Fighting
   222 | D:1      | Reached XP level 2. HP: 12/23 MP: 2/2
   742 | D:2      | Reached XP level 3. HP: 10/28 MP: 3/3
  1185 | D:2      | Slain by an adder

Illustrated notes

Levels and vault maps discovered:
D:1:      minmay_arrival_four_circles, layout_basic
D:2:      cheibrodos_old_hovel, layout_rooms, serial_bayou_lagoon_a,
          minmay_pentomino_v2

Skill      XL: |  1  2 |
---------------+-------+-----
Fighting       | 1 |  1.5
Unarmed Combat | 3 |  3.3
Shapeshifting  | 3 |  3.2
Dodging        | |  1.4

Action                     || total
---------------------------++-------
  Melee: Unarmed           ||   102
         Tailslap          ||    12
 Armour: Skin              ||    40
         Ring mail         ||     1
         Animal skin       ||     1
  Dodge: Dodged            ||    58
         Form:             ||     1
         Beast             ||     1
         Flux              ||     1
